 Dungeon Crawl Stone Soup version 0.30.1-11-g7821555f0a (webtiles) character file.

Game seed: 12332860966161517384

494 Condegh the Ruffian (level 6, 0/62 HPs)
             Began as a Troll Monk on Dec 29, 2023.
             Slain by a water moccasin (7 damage)
             ... on level 5 of the Dungeon.
             The game lasted 00:15:26 (2683 turns).

Condegh the Ruffian (Troll Monk)                    Turns: 2683, Time: 00:15:27

Health: 0/62       AC:  4    Str: 20    XL:     6   Next: 92%
Magic:  5/5        EV:  1    Int:  8    God:
Gold:   278        SH:  0    Dex: -8 (12) Spells: 5/5 levels left

rFire   . .          .
                       - Unarmed
rCold   . . .        c - orb {light}
rNeg    . . .        a - +0 robe
rPois   .            (helmet restricted)
rElec   .            (no cloak)
rCorr   .            (gloves unavailable)
SInv    .            (boots unavailable)
Will    .....        (no amulet) Stlth
                     (no ring)
HPRegen 1.10/turn    (no ring)
MPRegen 0.09/turn

%: no passive effects
@: lethally poisoned (0 -> -9), slowed, lost dexterity, glowing, very slow
A: large, unfitting armour, claws 3, regeneration 1, shaggy fur 1, tough skin 1
a: no special abilities


You were on level 5 of the Dungeon.
You visited 1 branch of the dungeon, and saw 5 of its levels.

You collected 278 gold pieces.

Inventory:

Armour
 a - a +0 robe (worn)
 c - an orb of light (worn)
Wands
 A - a wand of digging (2)
Scrolls
 f - a scroll of immolation {unknown}
 h - 4 scrolls of teleportation
 j - a scroll of noise {unknown}
 k - 2 scrolls of amnesia {unknown}
 p - a scroll of acquirement {unknown}
 q - a scroll of magic mapping {unknown}
 v - 2 scrolls of fear {unknown}
 y - a scroll of silence {unknown}
Potions
 b - a potion of ambrosia
 d - 3 potions of brilliance {unknown}
 g - a potion of attraction {unknown}
 i - 3 potions of flight {unknown}
 l - a potion of haste {unknown}
 n - 6 potions of curing {unknown}
 o - 2 potions of mutation {unknown}
 r - a potion of resistance {unknown}
 t - 3 potions of lignification {unknown}
 u - a potion of might
 w - 3 potions of berserk rage {unknown}
 x - a potion of magic
 z - a potion of heal wounds


   Skills:
 + Level 3.8 Fighting
 + Level 3.8 Dodging
 * Level 6.0 Unarmed Combat


You had 5 spell levels left.
You didn't know any spells.
Your spell library contained the following spells:

 Spells                   Type           Power      Damage    Failure   Level
 Ensorcelled Hibernation  Hex/Ice        0%         N/A       54%         2
 Passwall                 Tmut/Erth      0%         N/A       54%         2
 Ozocubu's Armour         Ice            0%         N/A       78%         3
 Swiftness                Air            0%         N/A       78%         3
 Ozocubu's Refrigeration  Ice            0%         4d7       100%        7


Dungeon Overview and Level Annotations

Branches:
Dungeon (5/15)
 Temple: D:4-7

Altars:


Innate Abilities, Weirdness & Mutations

You are too large for most types of armour.
You have claws for hands.
Your natural rate of healing is unusually fast.
You are covered in fur. (AC +1)
You have tough skin. (AC +1)


Message History

The adder hisses angrily.
A water moccasin comes into view.
The water moccasin hisses angrily.
You barely miss the adder. The adder completely misses you.
You closely miss the water moccasin. The water moccasin bites you.
You are poisoned.
The water moccasin poisons you! The adder bites you.
You barely miss the water moccasin.
You feel very sick. The water moccasin bites you.
The adder bites you but does no damage. The water moccasin bites you!
The adder bites you.
You are more poisoned.
The adder poisons you!
You scratch the water moccasin.
The water moccasin is lightly wounded.
You feel very sick. The water moccasin bites you. The adder bites you.
The water moccasin bites you but does no damage.
You scratch the water moccasin.
The water moccasin is moderately wounded.
You feel very sick. The adder bites you but does no damage.
The water moccasin bites you. The adder bites you.
You are more poisoned.
The adder poisons you! The water moccasin bites you.
You barely miss the water moccasin.
The water moccasin is moderately wounded.
You feel very sick. The water moccasin barely misses you.
The adder bites you but does no damage. The water moccasin bites you!
* * * LOW HITPOINT WARNING * * *
You are lethally poisoned!
The water moccasin poisons you! The adder bites you.
* * * LOW HITPOINT WARNING * * *
You scratch the adder.
The adder is lightly wounded.
* * * LOW HITPOINT WARNING * * *
You feel very sick. The water moccasin bites you!
You die...

#.≈~≈≈.#
#.~≈≈~.#
#.~≈≈~.#
#.~~≈~.#
#.~≈≈~.#
#.~≈≈~.#
#.~≈≈~.#
#SS≈≈~.#
#@~≈≈~.#
#.~≈≈~.#
#.≈≈~≈.#
#......#
###'####
#..####
##....#
####.#
##.##.#


You could see a water moccasin and an adder.

Vanquished Creatures
  A black bear (D:4)
  A scorpion (D:4)
  3 quasits (D:4)
  A jelly (D:4)
  An iguana (D:3)
  An orc wizard (D:4)
  6 adders
  2 worms
  4 dart slugs
  7 orcs
  10 ball pythons
  9 endoplasms
  A giant cockroach (D:2)
  5 goblins
  5 hobgoblins
  9 jackals
  6 quokkas
  8 bats
  2 frilled lizards
  11 kobolds
  5 rats
98 creatures vanquished.

Notes
Turn   | Place    | Note
-------+----------+-------------------------------------------
     0 | D:1      | Condegh the Troll Monk began the quest for the Orb.
     0 | D:1      | Reached XP level 1. HP: 22/22 MP: 0/0
   178 | D:1      | Reached XP level 2. HP: 29/29 MP: 1/1
   487 | D:1      | Reached XP level 3. HP: 36/36 MP: 2/2
  1243 | D:3      | Reached skill level 4 in Unarmed Combat
  1273 | D:3      | Reached XP level 4. HP: 44/44 MP: 3/3
  1899 | D:4      | Reached XP level 5. HP: 53/53 MP: 4/4
  2003 | D:4      | Reached skill level 5 in Unarmed Combat
  2109 | D:4      | Noticed a black bear
  2123 | D:4      | Killed a black bear
  2124 | D:4      | Reached XP level 6. HP: 35/61 MP: 5/5
  2424 | D:4      | Lost dexterity.
  2543 | D:4      | Reached skill level 6 in Unarmed Combat
  2645 | D:5      | Entered Level 5 of the Dungeon
  2674 | D:5      | Noticed a water moccasin
  2683 | D:5      | Slain by a water moccasin

Illustrated notes

Levels and vault maps discovered:
D:1:      ncdulo_halloftheorcs, layout_loops_ring, minmay_cupped
D:2:      layout_loops_ring
D:3:      layout_basic, nicolae_underground_beach
D:4:      cheibrodos_quashed, layout_rooms, minmay_door_square,
          nrook_mini_vaults, minmay_cut_off
D:5:      minmay_general_purpose_star, layout_loops_corners,
          chequers_serial_rivers_micro_b, nrook_pool_corridor,
          amcnicky_altar_lugonu_corruption

Skill      XL: |  1  2  3  4  5  6 |
---------------+-------------------+-----
Unarmed Combat | 4 5 6 |  6.0
Fighting       | 3 |  3.8
Dodging        | 3 |  3.8

Action                     |  1- 3 |  4- 6 || total
---------------------------+-------+-------++-------
  Melee: Unarmed           |    78 |   135 ||   213
  Evoke: Wand              |       |     1 ||     1
    Use: Scroll            |     1 |     6 ||     7
   Stab: Sleeping          |     1 |       ||     1
 Armour: Robe              |    16 |    64 ||    80
  Dodge: Dodged            |    29 |    66 ||    95
